 Dungeon Crawl Stone Soup version 0.27.1-2-g3b301248ec (webtiles) character file.

Game seed: 4935927530321173440

9 MisterFreud the Ducker (level 2, -3/14 HPs)
             Began as a Felid Berserker on Sept 26, 2021.
             Was a Follower of Trog.
             Slain by a kobold (5 damage)
             ... on level 1 of the Dungeon.
             The game lasted 00:00:28 (106 turns).

MisterFreud the Ducker (Felid Berserker)             Turns: 106, Time: 00:00:29

Health: -3/14      AC:  1    Str: 13    XL:     2   Next: 6%
Magic:  3/3        EV: 18    Int:  8    God:    Trog [*.....]
Gold:   0          SH:  0    Dex: 15    Spells: 1/1 levels left
                                        Lives:  0   Deaths: 0

rFire    . . .     SeeInvis +     - Unarmed
rCold    . . .     Faith    .   (shield unavailable)
rNeg     . . .     Spirit   .   (armour unavailable)
rPois    .         Reflect  .   (helmet unavailable)
rElec    .         Harm     .   (cloak unavailable)
rCorr    .         Rampage  .   (gloves unavailable)
Will     .....                  (boots unavailable)
Stlth    ++........             (no amulet)
HPRegen  0.04/turn              (no ring)
MPRegen  0.08/turn              (no ring)

@: on berserk cooldown, slowed, slow
A: very small, claws 1, fangs 3, see invisible, speed 1, shaggy fur 1, stealthy
paws, no weapons or thrown items, no armour, multi-lived
a: Renounce Religion, Berserk


You were on level 1 of the Dungeon.
You worshipped Trog.
Trog was aware of your devotion.
You visited 1 branch of the dungeon, and saw 1 of its levels.

You aren't carrying anything.


   Skills:
 - Level 3.0 Fighting
 - Level 4.0 Dodging
 + Level 1.8 Stealth
 + Level 3.3 Unarmed Combat


You had one spell level left.
You didn't know any spells.
Your spell library was empty.

Dungeon Overview and Level Annotations

Branches:
Dungeon (1/15)

Altars:


Innate Abilities, Weirdness & Mutations

You have sharp claws.
You have razor-sharp teeth.
You have supernaturally acute eyesight. (SInv)
You cover ground quickly. (Speed+)
You are covered in fur. (AC +1)
Your paws help you pounce on unaware monsters.
You are incapable of wielding weapons or throwing items.
You cannot wear armour.
You gain extra lives every three experience levels.


Message History

A red film seems to cover your vision as you go berserk!
You feel yourself moving faster!
You feel mighty! The kobold completely misses you.
You completely miss the kobold.
The kobold is heavily wounded.
You scratch the kobold.
You kill the kobold!
Trog accepts your kill.
You claw the goblin!
You kill the goblin!
Trog accepts your kill.
You have reached level 2!
You feel a strong urge to attack something.
You are no longer berserk.
You are exhausted.
You feel yourself slow down.
A giant cockroach comes into view.
You closely miss the giant cockroach.
The giant cockroach completely misses you.
The giant cockroach barely misses you.
You scratch the giant cockroach. Your bite misses the giant cockroach.
The giant cockroach is severely wounded.
The kobold barely misses you. The giant cockroach closely misses you.
The kobold misses you.
You scratch the giant cockroach.
You kill the giant cockroach!
Trog accepts your kill. The kobold closely misses you.
You see here a giant cockroach corpse.
The kobold closely misses you. The kobold hits you with a +0 club.
* * * LOW HITPOINT WARNING * * *
A frilled lizard comes into view.
The frilled lizard hisses angrily.
The frilled lizard bites you.
* * * LOW HITPOINT WARNING * * *
The frilled lizard bites you.
* * * LOW HITPOINT WARNING * * *
The kobold hits you with a +0 club.
You die...

# #. .# .####
###.### ....## #
#.....# .... .
###@....## #..# .
#.Kl....... #..# .
#K#.....##.###..# .
#.#.....##......###.
#.###.........#.##>#
#.# ########.#....#
#.# #.####.#
#.###########)## ##.
#.....†........# #.


You could see 2 kobolds and a frilled lizard.

Vanquished Creatures
  An endoplasm (D:1)
  A giant cockroach (D:1)
  2 goblins (D:1)
  2 kobolds (D:1)
  A quokka (D:1)
7 creatures vanquished.

Notes
Turn   | Place    | Note
-------+----------+-------------------------------------------
     0 | D:1      | MisterFreud the Felid Berserker began the quest for the
                  | Orb.
     0 | D:1      | Reached XP level 1. HP: 10/10 MP: 2/2
    73 | D:1      | Reached skill level 1 in Stealth
    82 | D:1      | Reached XP level 2. HP: 6/14 MP: 3/3
   106 | D:1      | Slain by a kobold

Illustrated notes

Levels and vault maps discovered:
D:1:      erik_arrival_triangle_medium, layout_loops_ring

Skill      XL: |  1 |
---------------+----+-----
Stealth        | 1 |  1.8
Fighting       | |  3.0
Dodging        | |  4.0
Unarmed Combat | |  3.3

Action                   || total
-------------------------++-------
Melee: Unarmed           ||    20
       Bite              ||     2
Invok: Berserk           ||     1
Dodge: Dodged            ||    17
